 Dungeon Crawl Stone Soup version 0.13.1-24-gd36c86d (webtiles) character file.

192 Nicoed the Skirmisher (level 4, 0/54 HPs)
             Began as a Human Berserker on Jan 13, 2014.
             Was a Priest of Trog.
             Slain by an adder (1 damage)
             ... on Level 4 of the Dungeon.
             The game lasted 00:06:43 (2884 turns).

Nicoed the Skirmisher (Human Berserker)             Turns: 2884, Time: 00:06:43

HP   0/54        AC  2     Str 23      XL: 4   Next: 78%
MP   3/3         EV 13     Int  8      God: Trog [***...]
Gold 106         SH  0     Dex 12      Spells:  0 memorised,  3 levels left

Res.Fire  : . . .   See Invis. : .   a - +0 falchion
Res.Cold  : . . .   Warding    : .   b - +0 animal skin
Life Prot.: . . .   Conserve   : .   (no shield)
Res.Poison: .       Res.Corr.  : .   (no helmet)
Res.Elec. : .       Clarity    : .   (no cloak)
Sust.Abil.: . .     Spirit.Shd : .   (no gloves)
Res.Mut.  : .       Stasis     : .   (no boots)
Res.Rott. : .       Flight     : .   (no amulet)
Saprovore : . . .                    (no ring)
                                     (no ring)

@: berserking, quite poisoned, very quick, slightly resistant to hostile
enchantments, extremely unstealthy
A: no striking features
a: Burn Spellbooks, Berserk, Trog's Hand, Renounce Religion


You were on level 4 of the Dungeon.
You worshipped Trog.
Trog was most pleased with you.
You were not hungry.

You visited 1 branch of the dungeon, and saw 4 of its levels.

You collected 86 gold pieces.

Inventory:

Hand weapons
 a - a +0,+0 falchion (weapon)
Armour
 b - a +0 animal skin (worn)
Magical devices
 r - a wand of lightning (2)
Comestibles
 c - a bread ration
 k - a lychee
 B - 4 meat rations
Scrolls
 d - 5 scrolls of identify {unknown}
 e - 3 scrolls of magic mapping {unknown}
 f - a scroll of curse weapon {unknown}
 g - a scroll of curse armour {unknown}
 i - a scroll of recharging {unknown}
 j - 2 scrolls of enchant armour {unknown}
 l - a scroll of enchant weapon I {unknown}
 m - a scroll of remove curse {unknown}
 p - a scroll of enchant weapon II {unknown}
 q - a scroll of blinking {unknown}
 s - a scroll of fear {unknown}
 w - a scroll of fog {unknown}
 A - 3 scrolls of teleportation {unknown}
Jewellery
 n - an uncursed ring of flight {unknown}
Potions
 h - a potion of curing {unknown}
 o - a potion of degeneration {unknown}


   Skills:
 + Level 3.8 Fighting
 + Level 3.5 Long Blades
 + Level 2.3 Armour
 + Level 3.1 Dodging


You had 3 spell levels left.
You didn't know any spells.

Dungeon Overview and Level Annotations

Branches:
Dungeon (4/27)
 Temple: D:4-7

Altars:


Message History

Use which ability? (? or * to list)
A red film seems to cover your vision as you go berserk!
You feel yourself moving faster!
You feel mighty!
You feel somewhat more hungry.
* * * LOW HITPOINT WARNING * * *
You feel sick. The adder bites you.
* * * LOW HITPOINT WARNING * * *
The adder bites you but does no damage.
You barely miss the adder.
The adder is almost dead.
* * * LOW HITPOINT WARNING * * *
You feel sick. The scorpion stings you.
* * * LOW HITPOINT WARNING * * *
You are more poisoned.
The scorpion poisons you!
You barely miss the adder.
The adder is almost dead.
* * * LOW HITPOINT WARNING * * *
You feel sick. The adder bites you.
You die...

...[..............
.....................
.......................
........................
......[.....r...........
........................
.........................
.........<...............
...............s@........
############....S......##
##.........## #.........#
#.........# #.........#
#......... #........ ...


You could see a scorpion, an adder and a quokka.

Vanquished Creatures
  A giant mite (D:3)
  2 adders
  5 giant geckos
  An ooze (D:2)
  4 giant cockroaches
  5 goblins
  6 hobgoblins
  3 jackals (D:2)
  8 kobolds
  A quokka (D:3)
  3 ball pythons
  7 bats
  7 giant newts
  4 rats
57 creatures vanquished.

Notes
Turn   | Place    | Note
--------------------------------------------------------------
     0 | D:1      | Nicoed, the Human Berserker, began the quest for the Orb.
     0 | D:1      | Reached XP level 1. HP: 18/18 MP: 0/0
   305 | D:1      | Reached XP level 2. HP: 13/24 MP: 1/1
   727 | D:2      | Reached XP level 3. HP: 25/30 MP: 2/2
   805 | D:2      | Acquired Trog's second power
  1798 | D:2      | Reached XP level 4. HP: 34/36 MP: 3/3
  2883 | D:4      | HP: 2/54 [scorpion (6)]
  2884 | D:4      | Slain by an adder

Action                   |  1- 3 |  4- 6 || total
-------------------------+-------+-------++-------
Melee: Falchion          |   150 |    86 ||   236
Invok: Berserk           |       |     1 ||     1
Evoke: Wand              |       |     1 ||     1
 Stab: Sleeping          |     1 |       ||     1
